 Dungeon Crawl Stone Soup version 0.31.0 (webtiles) character file.

Game seed: 10064057053066257001

7710 qw the Skirmisher (level 11, -4/71 HPs)
             Began as a Gargoyle Hunter on Jan 19, 2024.
             Was a Priest of Okawaru.
             Slain by a hornet (5 damage)
             ... on level 9 of the Dungeon.
             The game lasted 00:00:49 (7698 turns).

qw the Skirmisher (Gargoyle Hunter)                 Turns: 7698, Time: 00:00:49

Health: -4/71      AC: 12    Str: 16    XL:     11   Next: 19%
Magic:  14/14      EV: 14    Int:  9    God:    Okawaru [***...]
Gold:   104        SH:  0    Dex: 17    Spells: 10/10 levels left

rFire   . . .        o - +0 arbalest
rCold   + . .        (shield currently unavailable)
rNeg    + . .        k - +0 robe {rC+}
rPois   inf          h - +0 helmet
rElec   +            (no cloak)
rCorr   .            g - +0 pair of gloves
SInv    .            (no boots)
Will    +....        (no amulet)
Stlth   ++           l - ring of willpower
HPRegen 0.31/turn    (no ring)
MPRegen 0.14/turn

%: no passive effects
@: no status effects
A: sickness immunity, AC +8, negative energy resistance 1, electricity
resistance, torment resistance 1, petrification resistance
a: Renounce Religion, Heroism


You were on level 9 of the Dungeon.
You worshipped Okawaru.
Okawaru was most pleased with you.
You visited 2 branches of the dungeon, and saw 10 of its levels.

You collected 511 gold pieces.
You spent 407 gold pieces at shops.


Innate Abilities, Weirdness & Mutations

You are immune to sickness and miasma.
Your stone body is resilient. (AC +8)
You are immune to poison.
You resist negative energy. (rN+)
You are resistant to electric shocks. (rElec)
You are resistant to unholy torment.
You are immune to petrification.


   Skills:
 - Level 9.3 Fighting
 + Level 13.4 Ranged Weapons
 - Level 3.2 Armour
 - Level 4.6 Dodging
 - Level 1.1 Stealth
 - Level 4.0 Invocations


You had 10 spell levels left.
You didn't know any spells.
Your spell library was empty.

Inventory:

Hand Weapons
 o - a +0 arbalest (weapon)
Armour
 d - a +0 ring mail
 g - a +0 pair of gloves (worn)
 h - a +0 helmet (worn)
 k - a +0 robe of cold resistance (worn)
 m - a +0 pair of boots
 p - a +2 pair of gloves of infusion
Jewellery
 l - a ring of willpower (left hand)
Wands
 b - a wand of charming (7)
Scrolls
 c - a scroll of silence {unknown}
Potions
 e - a potion of enlightenment
 f - 2 potions of resistance
 i - a potion of magic
 j - 3 potions of might
 n - a potion of haste

Dungeon Overview and Level Annotations

Branches:
Dungeon (9/15)             Temple (1/1) D:6
   Lair: D:8-11         Orc: D:9-12

Altars:
Ashenzari
Cheibriados
Dithmenos
Elyvilon
Fedhas
Gozag
Hepliaklqana
Kikubaaqudgha
Makhleb
Nemelex Xobeh
Okawaru
Qazlal
Ru
Sif Muna
Trog
Uskayaw
Vehumet
Wu Jian
Xom
Yredelemnul
Zin
The Shining One

Shops:
D:1 *   D:9 :[


Message History

You shoot a bolt. The bolt hits the wyvern!
The wyvern is heavily wounded.
The wyvern bites you but does no damage.
The wyvern closely misses you.
You shoot a bolt. The bolt hits the wyvern!
The wyvern is almost dead.
The wyvern bites you! x2
7690 ||| READING scroll of teleportation.
As you read the scroll of teleportation, it crumbles to dust.
You feel strangely unstable. The yak gores you but does no damage.
The wyvern misses you.
You shoot a bolt. The bolt hits the wyvern!
You kill the wyvern!
Okawaru accepts your kill. The yak barely misses you. x2
A yak comes into view.
You shoot a bolt. The yak bellows!
The bolt hits the yak but does no damage.
The yak is lightly wounded.
Your surroundings suddenly seem different.
A hornet and a shadow come into view.
Found a robe.
You shoot a bolt. The bolt hits the shadow!!
The shadow is almost destroyed.
The hornet buzzes angrily.
You shoot a bolt. The bolt hits the shadow!
You destroy the shadow!
Okawaru accepts your kill.
You shoot a bolt. The bolt closely misses the hornet.
You shoot a bolt.
The bolt hits the hornet but does no damage.
The hornet stings you. The hornet barely misses you.
You shoot a bolt.
The bolt hits the hornet but does no damage.
The hornet completely misses you. The hornet misses you.
You shoot a bolt. The bolt hits the hornet!!
The hornet is heavily wounded.
The hornet stings you.
You die...

........#
........#
........#
.[......#
........#
........#
.......y#
.......@#
........#
#########


You could see a hornet.

Vanquished Creatures
  A two-headed ogre (D:6)
  An ugly thing (D:8)
  Psyche (D:8)
  Grinder (D:3)
  A shadow (D:9)
  A wyvern (D:9)
  14 yaks
  Sigmund (D:5)
  A steam dragon (D:8)
  Menkaure (D:5)
  4 orc warriors
  A black bear (D:4)
  2 sky beasts (D:6)
  5 ice beasts
  2 ogres
  2 centaurs
  3 kobold brigands
  Blork the orc (D:5)
  6 bullfrogs
  4 scorpions
  9 wights
  2 hounds (D:6)
  3 orc priests
  2 bombardier beetles
  2 iguanas
  3 sleepcaps
  Ijyb (D:5)
  Terence (D:3)
  4 orc wizards
  8 gnolls
  9 adders
  A shadow imp (D:7)
  A white imp (D:6)
  4 ufetubi
  3 dart slugs
  3 ribbon worms
  25 orcs
  8 ball pythons
  7 bats
  4 endoplasms
  3 giant cockroaches
  6 goblins
  4 hobgoblins
  4 jackals (D:5)
  2 quokkas (D:2)
  2 frilled lizards (D:1)
  26 kobolds
  4 rats
204 creatures vanquished.

Notes
Turn   | Place    | Note
-------+----------+-------------------------------------------
     0 | D:1      | qw the Gargoyle Hunter began the quest for the Orb.
     0 | D:1      | Reached XP level 1. HP: 12/12 MP: 1/1
     0 | D:1      | 0 ||| qw: Version: 0.3-a-132-g3d54051
     0 | D:1      | 0 ||| qw: Game counter: 253
     0 | D:1      | 0 ||| qw: Melee chars always use a shield: true
     0 | D:1      | 0 ||| qw: God list: Okawaru
     0 | D:1      | 0 ||| qw: Allow faded altars: false
     0 | D:1      | 0 ||| qw: Do Orc after clearing Dungeon:15 true
     0 | D:1      | 0 ||| qw: Do second Lair branch before Depths: true
     0 | D:1      | 0 ||| qw: Lair rune preference: random
     0 | D:1      | 0 ||| qw: Goals: Normal
     0 | D:1      | 0 ||| PLANNING D:1-11
    73 | D:1      | Reached XP level 2. HP: 17/17 MP: 2/2
   329 | D:1      | Found Maug's Assorted Antiques.
   338 | D:1      | 338 ||| SHOPLISTING dyed leather armour (100 gold, have
                  | 23).
   338 | D:1      | 338 ||| BUYING metallic coppery potion (18 gold).
   338 | D:1      | Bought a metallic coppery potion for 18 gold pieces
   338 | D:1      | 338 ||| SHOPLISTING ring mail (80 gold, have 5).
   338 | D:1      | 338 ||| SHOPLISTING runed shortbow (120 gold, have 5).
   338 | D:1      | 338 ||| SHOPLISTING scroll labelled FOV EFU JEBEFY (20
                  | gold, have 5).
   503 | D:1      | 503 ||| UPGRADING to +0 pair of gloves.
   508 | D:1      | 508 ||| READING scroll labelled HENKAO CEIRGH.
   508 | D:1      | 508 ||| BRANDING +0 shortbow.
   509 | D:1      | 509 ||| READING scroll labelled ICUYRE MYCACESH.
   509 | D:1      | 509 ||| ENCHANTING +0 shortbow of draining.
   510 | D:1      | 510 ||| READING scroll labelled JUUXTU OMUI.
   510 | D:1      | 510 ||| IDENTIFYING metallic coppery potion
   511 | D:1      | 511 ||| DROPPING scroll of butterflies.
   570 | D:2      | Reached XP level 3. HP: 21/21 MP: 3/3
   631 | D:2      | Reached skill level 5 in Ranged Weapons
  1165 | D:2      | Reached skill level 3 in Fighting
  1165 | D:2      | Reached XP level 4. HP: 28/28 MP: 4/4
  1564 | D:2      | 1564 ||| READING 2 scrolls of identify.
  1564 | D:2      | 1564 ||| IDENTIFYING 2 ruby potions
  1565 | D:2      | 1565 ||| READING scroll of identify.
  1565 | D:2      | 1565 ||| IDENTIFYING 3 green potions
  1566 | D:2      | 1566 ||| READING 2 scrolls labelled RURPHIRPHUODA.
  1567 | D:2      | 1567 ||| READING 2 scrolls labelled GIEGO ASAOKASASH.
  1568 | D:2      | 1568 ||| READING 2 scrolls labelled FOV EFU JEBEFY.
  1569 | D:2      | 1569 ||| READING scroll labelled URADOI TUBOCK.
  1570 | D:2      | 1570 ||| DROPPING scroll of poison.
  1571 | D:2      | 1571 ||| DROPPING scroll of fog.
  1572 | D:2      | 1572 ||| DROPPING scroll of fear.
  1573 | D:2      | 1573 ||| DROPPING 2 potions of brilliance.
  1638 | D:3      | Found a broken altar of Ashenzari.
  1667 | D:3      | 1667 ||| RETREEEEATING.
  1668 | D:3      | 1668 ||| RETREEEEATING.
  1672 | D:3      | 1672 ||| RETREEEEATING.
  1674 | D:3      | 1674 ||| RETREEEEATING.
  1675 | D:3      | 1675 ||| RETREEEEATING.
  1676 | D:3      | 1676 ||| RETREEEEATING.
  1685 | D:3      | Reached XP level 5. HP: 22/32 MP: 5/5
  1689 | D:3      | 1689 ||| FLEEEEING.
  1795 | D:3      | 1795 ||| READING scroll of enchant weapon.
  1795 | D:3      | 1795 ||| ENCHANTING +1 shortbow of draining.
  1992 | D:3      | Reached skill level 6 in Ranged Weapons
  1994 | D:3      | Reached skill level 1 in Armour
  1994 | D:3      | 1994 ||| FLEEEEING.
  2029 | D:3      | Noticed Terence
  2035 | D:3      | Killed Terence
  2089 | D:3      | Noticed Grinder
  2102 | D:3      | Killed Grinder
  2103 | D:3      | Reached XP level 6. HP: 14/40 MP: 6/6
  2392 | D:3      | 2392 ||| UPGRADING to +0 ring mail.
  2402 | D:3      | 2402 ||| DROPPING +0 leather armour.
  2463 | D:4      | Reached XP level 7. HP: 44/44 MP: 7/7
  2470 | D:4      | Reached skill level 7 in Ranged Weapons
  3028 | D:4      | 3028 ||| READING 2 scrolls of identify.
  3028 | D:4      | 3028 ||| IDENTIFYING lumpy yellow potion
  3029 | D:4      | 3029 ||| READING scroll of identify.
  3029 | D:4      | 3029 ||| IDENTIFYING fuming clear potion
  3030 | D:4      | 3030 ||| READING scroll labelled WUSENANGY.
  3031 | D:4      | 3031 ||| READING scroll labelled NUMEAT CINKU.
  3032 | D:4      | 3032 ||| FLEEEEING.
  3054 | D:5      | Entered Level 5 of the Dungeon
  3163 | D:5      | Noticed Blork the orc
  3176 | D:5      | Killed Blork the orc
  3178 | D:5      | 3178 ||| FLEEEEING.
  3277 | D:5      | Reached skill level 8 in Ranged Weapons
  3290 | D:5      | Reached XP level 8. HP: 40/50 MP: 8/8
  3292 | D:5      | 3292 ||| FLEEEEING.
  3303 | D:5      | 3303 ||| FLEEEEING.
  3309 | D:5      | 3309 ||| STAIRDANCE
  3324 | D:4      | 3324 ||| READING scroll of identify.
  3324 | D:4      | 3324 ||| IDENTIFYING bubbling brown potion
  3325 | D:4      | 3325 ||| READING scroll labelled JEANIL MIDYU.
  3326 | D:4      | 3326 ||| DROPPING potion of degeneration.
  3354 | D:5      | Noticed Ijyb
  3354 | D:5      | Noticed Sigmund
  3362 | D:5      | 3362 ||| DRINKING potion of curing.
  3362 | D:5      | 3362 ||| (to cure confusion)
  3383 | D:5      | Killed Ijyb
  3384 | D:5      | Killed Sigmund
  3560 | D:5      | Noticed Menkaure
  3568 | D:5      | Killed Menkaure
  3569 | D:5      | Reached skill level 9 in Ranged Weapons
  3677 | D:5      | Reached skill level 6 in Fighting
  3844 | D:5      | Noticed a yak
  3844 | D:5      | Noticed a yak
  3844 | D:5      | Noticed a yak
  3848 | D:5      | Noticed a yak
  3849 | D:5      | 3849 ||| RETREEEEATING.
  3850 | D:5      | Noticed a yak
  3850 | D:5      | Noticed a yak
  3851 | D:5      | 3851 ||| RETREEEEATING.
  3863 | D:5      | HP: 12/51 [yak (10)]
  3864 | D:5      | 3864 ||| READING scroll of teleportation.
  3864 | D:5      | HP: 2/51 [yak (10)]
  3865 | D:5      | 3865 ||| DRINKING 2 potions of heal wounds.
  3866 | D:5      | 3866 ||| DRINKING potion of heal wounds.
  3867 | D:5      | 3867 ||| FLEEEEING.
  3877 | D:5      | 3877 ||| STAIRDANCE
  3989 | D:5      | 3989 ||| RETREEEEATING.
  3990 | D:5      | 3990 ||| RETREEEEATING.
  3991 | D:5      | 3991 ||| RETREEEEATING.
  3992 | D:5      | 3992 ||| RETREEEEATING.
  3993 | D:5      | 3993 ||| RETREEEEATING.
  3994 | D:5      | 3994 ||| RETREEEEATING.
  3995 | D:5      | 3995 ||| RETREEEEATING.
  3996 | D:5      | 3996 ||| RETREEEEATING.
  3997 | D:5      | 3997 ||| RETREEEEATING.
  3998 | D:5      | 3998 ||| RETREEEEATING.
  3999 | D:5      | 3999 ||| RETREEEEATING.
  4000 | D:5      | 4000 ||| RETREEEEATING.
  4001 | D:5      | 4001 ||| RETREEEEATING.
  4005 | D:5      | Killed a yak
  4014 | D:5      | Killed a yak
  4015 | D:5      | Reached skill level 10 in Ranged Weapons
  4015 | D:5      | Reached XP level 9. HP: 45/55 MP: 9/9
  4037 | D:5      | 4037 ||| FLEEEEING.
  4116 | D:6      | Found a staircase to the Ecumenical Temple.
  4117 | D:6      | 4117 ||| PLANNING TEMPLE
  4127 | Temple   | Entered the Ecumenical Temple
  4128 | Temple   | 4128 ||| PLANNING D:1-11
  4132 | D:6      | Noticed a two-headed ogre
  4145 | D:6      | Reached skill level 11 in Ranged Weapons
  4154 | D:6      | Killed a two-headed ogre
  4161 | D:6      | Reached skill level 3 in Armour
  4171 | D:6      | HP: 13/57 [orc warrior/+0 dire flail (6)]
  4179 | D:6      | 4179 ||| FLEEEEING.
  4182 | D:6      | Reached XP level 10. HP: 17/64 MP: 10/10
  4189 | D:6      | 4189 ||| STAIRDANCE
  4697 | D:6      | Found an ornate altar of the Wu Jian Council.
  4703 | D:6      | Found a blossoming altar of Fedhas.
  4707 | D:6      | Found a glowing golden altar of the Shining One.
  4707 | D:6      | Found an opulent altar of Gozag.
  4707 | D:6      | Found a snail-covered altar of Cheibriados.
  4708 | D:6      | Found an ancient bone altar of Kikubaaqudgha.
  4709 | D:6      | Found a hide-covered altar of Uskayaw.
  4710 | D:6      | Found an iron altar of Okawaru.
  4711 | D:6      | 4711 ||| PLANNING OKAWARU WORSHIP
  4711 | D:6      | 4711 ||| READING scroll of identify.
  4711 | D:6      | 4711 ||| IDENTIFYING clear potion
  4712 | D:6      | 4712 ||| DRINKING 2 metallic green potions.
  4745 | D:6      | 4745 ||| DROPPING potion of lignification.
  4748 | D:6      | Became a worshipper of Warmaster Okawaru
  4749 | D:6      | 4749 ||| PLANNING D:1-11
  5129 | D:6      | 5129 ||| READING scroll of identify.
  5129 | D:6      | 5129 ||| IDENTIFYING bubbling clear potion
  5263 | D:7      | 5263 ||| SWAPPING to +0 orcbow.
  5268 | D:7      | 5268 ||| DROPPING +2 shortbow of draining.
  5282 | D:7      | 5282 ||| DRINKING potion of curing.
  5282 | D:7      | 5282 ||| (to cure confusion)
  5286 | D:7      | 5286 ||| FLEEEEING.
  5297 | D:7      | 5297 ||| FLEEEEING.
  5783 | D:7      | 5783 ||| FLEEEEING.
  5903 | D:7      | Reached skill level 12 in Ranged Weapons
  6166 | D:7      | 6166 ||| FLEEEEING.
  6217 | D:7      | 6217 ||| UPGRADING to +0 helmet.
  6222 | D:7      | 6222 ||| UPGRADING to +0 robe of cold resistance.
  6266 | D:8      | Reached * piety under Okawaru
  6298 | D:8      | 6298 ||| RETREEEEATING.
  6303 | D:8      | 6303 ||| RETREEEEATING.
  6324 | D:8      | HP: 14/64 [orc warrior/+0 halberd (12)]
  6325 | D:8      | 6325 ||| READING scroll of teleportation.
  6329 | D:8      | Reached skill level 1 in Invocations
  6559 | D:8      | 6559 ||| RETREEEEATING.
  6563 | D:8      | 6563 ||| RETREEEEATING.
  6573 | D:8      | Reached skill level 3 in Invocations
  6579 | D:8      | Reached ** piety under Okawaru
  6785 | D:8      | Reached skill level 13 in Ranged Weapons
  6826 | D:8      | Found a shimmering blue altar of Sif Muna.
  6948 | D:8      | 6948 ||| READING scroll of brand weapon.
  6948 | D:8      | 6948 ||| BRANDING +0 orcbow.
  7024 | D:8      | Noticed Psyche
  7048 | D:8      | Killed Psyche
  7049 | D:8      | 7049 ||| FLEEEEING.
  7087 | D:8      | Noticed a brown ugly thing
  7089 | D:8      | 7089 ||| INVOKING Heroism.
  7106 | D:8      | Killed a brown ugly thing
  7107 | D:8      | Reached skill level 9 in Fighting
  7107 | D:8      | Reached XP level 11. HP: 54/71 MP: 12/14
  7180 | D:8      | Reached *** piety under Okawaru
  7337 | D:8      | 7337 ||| SWAPPING to +0 arbalest.
  7338 | D:8      | 7338 ||| DROPPING +0 orcbow of draining.
  7520 | D:8      | 7520 ||| UPGRADING to ring of willpower.
  7521 | D:8      | 7521 ||| READING scroll of identify.
  7521 | D:8      | 7521 ||| IDENTIFYING murky dark potion
  7522 | D:8      | 7522 ||| READING scroll labelled QUODEA KOSEST.
  7549 | D:9      | Found Ychukkyall's Book Shoppe.
  7552 | D:9      | Found Vessepam's Armour Emporium.
  7562 | D:9      | 7562 ||| RETREEEEATING.
  7573 | D:9      | 7573 ||| FLEEEEING.
  7583 | D:9      | 7583 ||| STAIRDANCE
  7641 | D:9      | 7641 ||| BUYING +0 pair of boots (67 gold).
  7641 | D:9      | Bought a +0 pair of boots for 67 gold pieces
  7641 | D:9      | 7641 ||| SHOPLISTING +1 robe "Ajuohir" {rPois rC+ Regen+
                  | rCorr} (442 gold, have 407).
  7641 | D:9      | 7641 ||| BUYING +2 pair of gloves of infusion (322 gold).
  7641 | D:9      | Bought a +2 pair of gloves of infusion for 322 gold pieces
  7676 | D:9      | 7676 ||| RETREEEEATING.
  7677 | D:9      | 7677 ||| RETREEEEATING.
  7678 | D:9      | 7678 ||| RETREEEEATING.
  7681 | D:9      | 7681 ||| RETREEEEATING.
  7682 | D:9      | 7682 ||| RETREEEEATING.
  7683 | D:9      | 7683 ||| RETREEEEATING.
  7684 | D:9      | 7684 ||| RETREEEEATING.
  7685 | D:9      | 7685 ||| RETREEEEATING.
  7686 | D:9      | 7686 ||| RETREEEEATING.
  7687 | D:9      | 7687 ||| RETREEEEATING.
  7689 | D:9      | HP: 14/71 [wyvern (12)]
  7689 | D:9      | HP: 2/71 [wyvern (12)]
  7690 | D:9      | 7690 ||| READING scroll of teleportation.
  7696 | D:9      | HP: 1/71 [hornet (4)]
  7698 | D:9      | Slain by a hornet

Levels and vault maps discovered:
D:1:      amcnicky_arrival_wind_blow, layout_rooms, serial_shops, shop
D:2:      layout_basic
D:3:      layout_loops_ring, nicolae_ashenzari_panopticon,
          minmay_misc_feat_enclosed, uniq_grinder, uniq_terence
D:4:      layout_cave_pools, grunt_decor_clamped, roderic_lattice_a,
          minivault_11
D:5:      layout_gridville, uniq_blork_the_orc, uniq_menkaure, uniq_ijyb,
          uniq_sigmund
D:6:      hangedman_cross_stitches, layout_basic, minitemple, temple_statues,
          serial_library_regret_index_small_wings, minivault_25
D:7:      layout_basic, dreamdust_mushroom_princess
D:8:      layout_loops_ring, kennysheep_mini, special_room [special_room_orc],
          uniq_psyche
D:9:      layout_rooms, lair_entry_dummy, serial_shops, shop, shop,
          nicolae_shop_advertising_works [nicolae_subvault_shop_adworks], shop,
          palyth_stone_intersect, grunt_ministairs_12,
          minmay_guarded_unrand_finisher
Temple:   nicolae_temple_x_marks_the_god

Skill      XL: |  1  2  3  4  5  6  7  8  9 10 |
---------------+-------------------------------+-----
Ranged Weapons | 5 6 8 10 11 13 | 13.4
Fighting       | 3 5 6 7 9 |  9.3
Armour         | 1 2 3 |  3.2
Dodging        | 2 4 |  4.6
Invocations    | 4 |  4.0
Stealth        | |  1.1

Action                     |  1- 3 |  4- 6 |  7- 9 | 10-12 || total
---------------------------+-------+-------+-------+-------++-------
  Melee: Unarmed           |       |       |       |     8 ||     8
   Fire: Shortbow          |    85 |   102 |   252 |    57 ||   496
         Orcbow            |       |       |       |   335 ||   335
         Arbalest          |       |       |       |    34 ||    34
 Invoke: Heroism           |       |       |       |     1 ||     1
    Use: Scroll            |     3 |     7 |     7 |     7 ||    24
         Potion            |       |       |     3 |     2 ||     5
 Armour: Leather armour    |    15 |    16 |       |       ||    31
         Ring mail         |       |     3 |   127 |    60 ||   190
         Robe              |       |       |       |    75 ||    75
         Skin              |       |       |       |     6 ||     6
  Dodge: Dodged            |    20 |    12 |    87 |   151 ||   270

Table legend:
 A = Non-vault XP
 B = Vault XP
 C = Vault XP percentage of total XP
 D = Non-vault monster count
 E = Vault monster count
 F = Vault count percentage of total count
                 A         B        C        D         E       F
            +---------+---------+-------+---------+---------+-------
      Total |    7677 |    3338 |  30.3 |     161 |      43 |  21.1
            +---------+---------+-------+---------+---------+-------
        D:1 |      31 |       0 |   0.0 |      19 |       0 |   0.0
        D:2 |      82 |       0 |   0.0 |      20 |       0 |   0.0
        D:3 |     181 |     298 |  62.2 |      22 |       2 |   8.3
        D:4 |     301 |       0 |   0.0 |      13 |       0 |   0.0
        D:5 |    1855 |     518 |  21.8 |      26 |       4 |  13.3
        D:6 |     411 |    1695 |  80.5 |       8 |      12 |  60.0
        D:7 |    1099 |       0 |   0.0 |      20 |       0 |   0.0
        D:8 |    2689 |     827 |  23.5 |      28 |      25 |  47.2
        D:9 |    1028 |       0 |   0.0 |       5 |       0 |   0.0
            +---------+---------+-------+---------+---------+-------
